 Dungeon Crawl Stone Soup version 0.17.0-24-gcfadda4 (webtiles) character file.

335 tp1 the Conjurer (level 6, -2/32 HPs)
             Began as a Deep Elf Conjurer on Nov 15, 2015.
             Slain by a worker ant (4 damage)
             ... on level 4 of the Dungeon.
             The game lasted 00:13:42 (3474 turns).

tp1 the Conjurer (Deep Elf Conjurer)                Turns: 3474, Time: 00:13:42

Health: -2/32      AC:  2    Str: 11    XL:     6   Next: 28%
Magic:  16/16      EV: 13    Int: 21    God:
Gold:   234        SH:  0    Dex: 15    Spells: 3 memorised, 7 levels left

rFire  . . .     SeeInvis .     v - +0 rapier
rCold  + . .     Clarity  .     a - +0 robe
rNeg   . . .     SustAt   .     (no shield)
rPois  .         Gourm    +     (no helmet)
rElec  .         Spirit   .     (no cloak)
rCorr  .         Warding  .     (no gloves)
rMut   .         Stasis   .     (no boots)
MR     .....                    w - amulet of the gourmand
Stlth  ++........               (no ring)
                                i - ring of protection from cold

@: mighty, lethally poisoned (-2 -> -15), very slightly contaminated, hasted,
very quick, not resistant to hostile enchantments, unstealthy
A: no striking features
a: no special abilities


You were on level 4 of the Dungeon.
You were very full.

You visited 1 branch of the dungeon, and saw 5 of its levels.

You collected 234 gold pieces.

Inventory:

Hand Weapons
 l - a +0 spear
 v - a +0 rapier (weapon)
Armour
 a - a +0 robe (worn)
Jewellery
 i - a ring of protection from cold (left hand)
 p - an uncursed amulet of resist mutation {unknown}
 w - an amulet of the gourmand (around neck)
 D - a +2 ring of protection {unknown}
Scrolls
 e - 5 scrolls of random uselessness
 m - a scroll of identify
 n - a scroll of amnesia {unknown}
 t - a scroll of teleportation {unknown}
 x - a scroll of enchant weapon {unknown}
 y - a scroll of magic mapping {unknown}
 A - a scroll of remove curse
 C - a scroll of fear {unknown}
Potions
 f - 3 potions of flight
 h - a potion of cure mutation
 r - a potion of might
 s - a potion of resistance {unknown}
 u - 2 potions of lignification {unknown}
 z - a potion of curing {unknown}
 B - a potion of berserk rage {unknown}
Books
 b - a book of Conjurations

   Spells                             Type                      Level
   a - Magic Dart                     Conjuration                  1
   b - Searing Ray                    Conjuration                  2
   c - Dazzling Spray                 Conjuration/Hexes            3
   d - Fulminant Prism                Conjuration/Hexes            4
   e - Iskenderun's Mystic Blast      Conjuration                  4
   f - Iskenderun's Battlesphere      Conjuration/Charms           5
Comestibles
 c - 5 bread rations
 d - 3 fruits
 g - 3 meat rations
 k - a beef jerky
 o - a slice of pizza


   Skills:
 - Level 2.4 Dodging
 - Level 2.4 Stealth
 - Level 5.4 Spellcasting
 - Level 6.0 Conjurations
 + Level 5.3 Charms


You had 7 spell levels left.
You knew the following spells:

 Your Spells              Type           Power        Failure   Level  Hunger
a - Magic Dart            Conj           ####         1%          1    None
b - Searing Ray           Conj           ####..       1%          2    None
d - Iskenderun's Battles  Conj/Chrm      ####....     28%         5    #####..


Dungeon Overview and Level Annotations

Branches:
Dungeon (5/15)
 Temple: D:4-7

Altars:
Ru
Trog

Shops:
D:5 (

Annotations:
D:4 chonchonts's ghost, amateur MiFi


Message History

The iguana closely misses you.
Drink which item? (? for menu, Esc to quit)
It was a potion of haste.
You feel yourself speed up. The worker ant barely misses you.
The worker ant bites you!
* * * LOW HITPOINT WARNING * * *
The iguana closely misses you. The worker ant closely misses you.
The worker ant barely misses you.
You are very lightly contaminated with residual magic.
Drink which item? (? for menu, Esc to quit)
It was a potion of magic.
Magic courses through your body.
Drink which item? (? for menu, Esc to quit)
It was a potion of might.
You feel very mighty all of a sudden.
* * * LOW HITPOINT WARNING * * *
You feel sick. The worker ant bites you.
* * * LOW HITPOINT WARNING * * *
You are more poisoned.
The worker ant poisons you! The iguana closely misses you.
The worker ant bites you.
You die...

.# #..
#############
# #### #. #.
#. .# ###.###
...#.....##
.......ยง..##
.......a...#
.>....a@...#
..%....l...#
...........#
...........#
......<....#
..........##
...#.....##
##########


You could see an iguana and 2 worker ants.

Vanquished Creatures
  A scorpion (D:3)
  2 hounds (D:4)
  A giant frog skeleton (D:4)
  A hound skeleton (D:4)
  11 adders
  An ooze (D:1)
  4 worms
  A giant gecko (D:1)
  4 orcs
  2 ball pythons
  4 giant cockroaches
  9 hobgoblins
  8 jackals
  7 kobolds
  A bat (D:3)
  4 giant newts
  8 goblins
  A quokka (D:2)
  10 rats
80 creatures vanquished.

Notes
Turn   | Place    | Note
--------------------------------------------------------------
     0 | D:1      | tp1 the Deep Elf Conjurer began the quest for the Orb.
     0 | D:1      | Reached XP level 1. HP: 10/10 MP: 6/6
   249 | D:1      | Reached XP level 2. HP: 15/15 MP: 5/8
   254 | D:1      | Learned a level 2 spell: Searing Ray
   256 | D:1      | Reached skill level 5 in Conjurations
   859 | D:2      | Reached XP level 3. HP: 15/19 MP: 4/9
  1481 | D:2      | Reached skill level 6 in Conjurations
  1730 | D:2      | Reached XP level 4. HP: 24/24 MP: 6/11
  1844 | D:3      | Found a sacrificial altar of Ru.
  2062 | D:3      | You fall through a shaft for 2 floors!
  2062 | D:5      | Entered Level 5 of the Dungeon
  2062 | D:5      | Found Urghoaloih's Weapon Shoppe.
  2152 | D:3      | Found a bloodstained altar of Trog.
  2344 | D:4      | Reached skill level 5 in Spellcasting
  2344 | D:4      | Reached XP level 5. HP: 23/28 MP: 8/14
  2355 | D:4      | Learned a level 5 spell: Iskenderun's Battlesphere
  2369 | D:4      | Reached skill level 1 in Charms
  2390 | D:4      | Noticed chonchonts's ghost (amateur MiFi)
  2902 | D:3      | Reached XP level 6. HP: 28/32 MP: 12/16
  3466 | D:4      | Reached skill level 5 in Charms
  3474 | D:4      | Slain by a worker ant

Action                   |  1- 3 |  4- 6 || total
-------------------------+-------+-------++-------
Melee: Rapier            |       |     9 ||     9
 Cast: Magic Dart        |    71 |    42 ||   113
       Searing Ray       |     6 |    20 ||    26
       Iskenderun's Batt |       |     1 ||     1
  Use: Scroll            |     3 |       ||     3
       Potion            |       |     4 ||     4
  Eat: Chunk             |     2 |    17 ||    19
